 Dungeon Crawl Stone Soup version 0.18-a0-1293-g5a2c81a (webtiles) character file.

97816 Gorice the Markshuman (level 16, -12/122 HPs)
             Began as a Human Wanderer on Feb 9, 2016.
             Was a High Priest of Okawaru.
             Mangled by Agnes
             ... wielding a +4 lajatang of electrocution
              (18 damage)
             ... on level 14 of the Dungeon on Feb 10, 2016.
             The game lasted 03:58:32 (34717 turns).

Gorice the Markshuman (Human Wanderer)             Turns: 34717, Time: 03:58:32

Health: -12/122    AC: 24    Str: 18    XL:     16   Next: 71%
Magic:  0/22       EV: 14    Int: 14    God:    Okawaru [*****.]
Gold:   571        SH:  0    Dex: 15    Spells: 0 memorised, 15 levels left

rFire  . . .     SeeInvis +     a - +1 quarterstaff of the Nexus {flame, rN+ MR+ Str+2 Stlth+}
rCold  . . .     Gourm    .     S - +3 chain mail {MR+}
rNeg   + . .     Faith    .     (shield currently unavailable)
rPois  +         Spirit   +     t - +2 hat
rElec  .         Dismiss  .     q - +1 cloak
rCorr  .         Reflect  .     V - +1 pair of gloves {archery}
SustAt .         Harm     .     m - +0 pair of boots
MR     +++..                    E - amulet of guardian spirit
Stlth  ..........               M - ring of see invisible
                                u - ring of poison resistance

@: extremely resistant to hostile enchantments, extremely unstealthy
A: no striking features
a: Heroism, Finesse, Renounce Religion


You were on level 14 of the Dungeon.
You worshipped Okawaru.
Okawaru was extremely pleased with you.
You were not hungry.

You visited 4 branches of the dungeon, and saw 25 of its levels.
You also visited: Sewer.

You collected 2396 gold pieces.
You spent 1825 gold pieces at shops.

Inventory:

Hand Weapons
 a - the +1 quarterstaff of the Nexus (weapon) {flame, rN+ MR+ Str+2 Stlth+}
   (You bought it in a shop on level 4 of the Dungeon)

   It has been specially enchanted to burn those struck by it, causing extra
   injury to most foes and up to half again as much damage against particularly
   susceptible opponents.
   It affects your strength (+2).
   It protects you from negative energy.
   It affects your resistance to hostile enchantments.
   It makes you more stealthy.
 b - a +0 longbow
 B - a +7 blowgun
Missiles
 y - 11 curare-tipped needles
 F - 2 arrows of flame
 T - 8 arrows
 X - 14 arrows of dispersal
Armour
 m - a +0 pair of boots (worn)
 q - a +1 cloak (worn)
 t - a +2 hat (worn)
 S - a +3 chain mail of magic resistance (worn)
   (Okawaru gifted it to you on level 7 of the Lair of Beasts)
 V - a +1 pair of gloves of archery (worn)
   (You found it on level 8 of the Lair of Beasts)
Jewellery
 g - an uncursed ring of positive energy
 u - a ring of poison resistance (left hand)
 E - an amulet of guardian spirit (around neck)
 M - a ring of see invisible (right hand)
 U - an uncursed ring of ice
Wands
 f - a wand of lightning (7/15)
 p - a wand of confusion (21/48)
 w - a wand of enslavement (8/24)
 P - a wand of disintegration (16/24)
Scrolls
 d - 4 scrolls of teleportation {!r}
 i - 3 scrolls of magic mapping {!r}
 j - 4 scrolls of identify
 s - a scroll of fear {!r}
 A - 2 scrolls of blinking
 R - 3 scrolls of remove curse
Potions
 c - 3 potions of haste {!q}
 e - 4 potions of might {!q}
 h - 2 potions of lignification {!q}
 k - 6 potions of curing
 n - a potion of invisibility {!q}
 o - 2 potions of ambrosia {!q}
 r - 7 potions of heal wounds {!q}
 z - 4 potions of agility {!q}
 I - a potion of flight
Books
 L - a book of Callings
Miscellaneous
 G - a sack of spiders
Comestibles
 v - 10 bread rations {!e}
 x - 37 fruits
 C - a royal jelly
 K - a beef jerky


   Skills:
 - Level 10.0 Fighting
   Level 1.0 Short Blades
   Level 0.2(0.6) Long Blades
 - Level 17.0 Bows
 - Level 1.0 Throwing
 + Level 13.8 Armour
 + Level 12.3 Dodging
 - Level 2.0 Stealth
 - Level 9.0 Invocations


You had 15 spell levels left.
You didn't know any spells.

Dungeon Overview and Level Annotations

Branches:
Dungeon (14/15)            Temple (1/1) D:4            Lair (8/8) D:8
  Swamp (0/4) Lair:5        Snake (0/4) Lair:4        Slime (0/6) Lair:7
    Orc (2/2) D:12            Elf (0/3) Orc:2
 Vaults: D:13-14

Altars:
Ashenzari
Cheibriados
Dithmenos
Elyvilon
Fedhas
Gozag
Kikubaaqudgha
Makhleb
Nemelex Xobeh
Okawaru
Pakellas
Qazlal
Ru
Sif Muna
Trog
Vehumet
Xom
Yredelemnul
Zin
The Shining One
Beogh

Shops:
D:4 =[=(*   D:10 ?   D:12 *   Orc:2 [[:*[

Annotations:
D:3 Sigmund
D:14 Agnes
Lair:2 vpUX: oklob w loot, exclusion: oklob plant
Lair:8 pUX: wyrms (no rF) and oklob, exclusion: oklob plant


Message History

You kill the rakshasa!
Okawaru accepts your kill.
The rakshasa shimmers and vanishes!
T - 6 arrows
Things that are here:
a trident; a robe You hear a distant blaring wail to the south.
T - 8 arrows (gained 2);
F - an arrow of flame
F - 2 arrows of flame (gained 1)
A yak comes into view.
The yak bellows!
You see here 2 arrows of frost.
You see here an arrow of frost.
It bursts into flame!
a - the +1 quarterstaff of the Nexus (weapon)
{flame, rN+ MR+ Str+2 Stlth+} The yak closely misses you.
A yak comes into view.
The yak bellows!
You hit the yak. You burn the yak.
The yak is lightly wounded.
The yak gores you but does no damage.
You sock the yak! You burn the yak.
The yak is moderately wounded.
The yak gores you.
A yak comes into view.
The yak bellows!
You hit the yak but do no damage.
The yak is moderately wounded.
The yak closely misses you. The yak gores you! x2
Damage: 14 (max 14)
Your chain mail prevents you from hitting the yak.
The yak is moderately wounded.
The yak gores you!
* * * LOW HITPOINT WARNING * * *
Agnes the Wanderer comes into view.
She is wielding a lajatang of electrocution.
Agnes shouts!
A yak comes into view.
Damage: 5 (max 14)
The yak bellows!
The yak gores you but does no damage.
Agnes hits you with a lajatang of electrocution!!
* * * LOW HITPOINT WARNING * * *
Damage: 15 (max 15) Agnes hits you but does no damage.
You are electrocuted!
* * * LOW HITPOINT WARNING * * *
Damage: 10 (max 15) Agnes hits you with a lajatang of electrocution.
* * * LOW HITPOINT WARNING * * *
You are electrocuted!
You die...

#######################
.......................
........###............
..[###.)# #:..######..#
. #..# #...# #..#
#..###...# #..#
#...##...# #..# #....#
#@..##...# #..# #....#
#iY.##...# #..# #....#
#YY.##...# #..# #....#
#.(.##...# #..# #....#
#Y...#...# #..# #....#
#(.#.#...# #..# #....#
#..#.#...# #..#
#....###..#.....# #..#
#...............# #..#


You could see Agnes and 4 yaks.

Vanquished Creatures
  Maud (D:11)
  The ghost of PeterLawrence the Bludgeoner, a journeyman MiFi of Okawaru (Lair:6)
  Fannar (Lair:1)
  9 hydras
  A rakshasa (D:14)
  A centaur warrior (D:8)
  4 ogre magi (Orc:2)
  2 death knights
  10 death yaks
  A queen ant (Lair:7)
  Sonja (Lair:2)
  The ghost of Duffy the Nimble, a novice DESu of Sif Muna (D:10)
  An unseen horror (D:13)
  3 lindwurms
  3 hill giants
  A deep elf mage (D:13)
  3 ugly things
  2 orc knights (Orc:1)
  3 orc sorcerers
  7 cyclopes
  4 griffons
  A manticore (D:13)
  11 elephants
  5 black mambas
  4 torpor snails (Lair:8)
  3 gargoyles
  10 spiny frogs
  8 komodo dragons
  2 kobold demonologists (D:13)
  A freezing wraith (D:13)
  4 fire drakes
  3 giant leeches (Lair:8)
  10 polar bears
  18 two-headed ogres
  7 trolls
  A raiju (Lair:8)
  5 slime creatures (D:13)
  6 blink frogs
  2 boulder beetles
  A hornet zombie (D:14)
  51 yaks
  A shadow (D:12)
  2 wyverns
  A vampire (D:11)
  2 wraiths (D:13)
  Eustachio (D:4)
  4 basilisks
  A hog (D:7)
  5 vampire mosquitoes
  12 hippogriffs
  A human (D:7)
  11 wargs
  A mottled dragon (D:13)
  33 wolves
  A hungry ghost (D:11)
  6 nagas (Lair:4)
  21 soldier ants
  17 water moccasins
  4 hell hounds (Lair:8)
  9 porcupines
  4 sky beasts
  14 black bears
  22 orc warriors
  5 ice beasts
  30 ogres
  A phantom (D:13)
  4 necrophages
  4 wasps
  5 centaurs
  14 crocodiles
  4 big kobolds
  17 giant frogs
  A wyvern skeleton (D:13)
  5 scorpions
  13 wights
  A crimson imp (D:10)
  A giant frog zombie (D:8)
  4 centaur zombies
  2 quasits
  24 hounds
  5 jellies
  15 orc priests
  3 centaur skeletons
  6 giant frog skeletons
  10 iguanas
  13 orc wizards
  A siren (Sewer)
  29 worker ants
  A merfolk avatar (Sewer)
  21 sheep
  A hound skeleton (D:6)
  3 worker ant zombies
  22 adders
  8 gnolls
  69 river rats
  2 shadow imps
  5 oozes
  An adder zombie (D:6)
  13 worms
  9 giant geckos
  81 orcs
  8 giant cockroaches
  8 goblins
  10 hobgoblins
  5 jackals (Lair:8)
  4 quokkas
  2 ball pythons
  A ball python skeleton (D:4)
  14 bats
  12 giant newts
  A jackal skeleton (D:4)
  12 kobolds
  A quokka skeleton (D:4)
  A quokka zombie (D:3)
  28 rats
  A plant (Lair:8)
947 creatures vanquished.

Vanquished Creatures (others)
  A hydra (Lair:7)
  A porcupine (Lair:7)
  3 river rats (Lair:7)
  5 bushes (Lair:8)
  46 fungi
  49 plants
105 creatures vanquished.

Grand Total: 1052 creatures vanquished

Notes
Turn   | Place    | Note
--------------------------------------------------------------
     0 | D:1      | Gorice the Human Wanderer began the quest for the Orb.
     0 | D:1      | Gorice set off with: a +2 shortbow, 22 arrows, a +0 ring mail, a scroll of teleportation {!r}, a +0 dagger, a bread ration {!e}
     0 | D:1      | Reached XP level 1. HP: 16/16 MP: 1/1
   208 | D:1      | Reached XP level 2. HP: 22/22 MP: 2/2
   805 | D:2      | Reached XP level 3. HP: 12/28 MP: 3/3
  1051 | D:2      | Found an opulent altar of Gozag.
  1239 | D:2      | Reached skill level 4 in Bows
  1346 | D:2      | Reached XP level 4. HP: 34/34 MP: 4/4
  1604 | D:2      | Reached skill level 3 in Fighting
  1707 | D:2      | Reached XP level 5. HP: 41/41 MP: 5/5
  2159 | D:3      | Noticed Sigmund
  2234 | D:3      | Reached skill level 5 in Bows
  2912 | D:2      | Reached XP level 6. HP: 37/47 MP: 6/6
  3445 | D:4      | Noticed Eustachio
  3507 | D:4      | Killed Eustachio
  3507 | D:4      | Reached skill level 4 in Fighting
  3507 | D:4      | Reached skill level 6 in Bows
  3507 | D:4      | Reached XP level 7. HP: 34/55 MP: 7/7
  3563 | D:4      | Found Xiefamae's Armour Shoppe.
  3583 | D:4      | Got a steaming trident
  3605 | D:4      | Found Gihi's Jewellery Shoppe.
  3741 | D:4      | Found a glowing drain.
  3761 | Sewer    | Entered a sewer
  3799 | Sewer    | Identified the +2 trident "Jellyslayer" {holy, *Noise rN+ Int+2 SInv} (You found it on level 4 of the Dungeon)
  4346 | D:4      | Found Eliucac's General Store.
  4375 | D:4      | Found Ebeosaok's Antique Weapon Boutique.
  4449 | D:4      | Bought a +0 pair of boots for 49 gold pieces
  4601 | D:4      | Found Osuwn's Jewellery Shoppe.
  4787 | D:4      | Found a staircase to the Ecumenical Temple.
  4803 | D:4      | Found a shimmering altar of Xom.
  4808 | D:4      | Found a glowing golden altar of the Shining One.
  4839 | Temple   | Entered the Ecumenical Temple
  4887 | Temple   | Became a worshipper of Warmaster Okawaru
  4947 | D:4      | Found a burning altar of Makhleb.
  4951 | D:4      | Reached skill level 7 in Bows
  5132 | D:5      | Entered Level 5 of the Dungeon
  5165 | D:5      | Reached skill level 5 in Fighting
  5165 | D:5      | Reached XP level 8. HP: 60/62 MP: 8/8
  5486 | D:5      | Found an oddly glowing altar of Pakellas.
  5683 | D:6      | Reached * piety under Okawaru
  5771 | D:6      | Reached skill level 8 in Bows
  5795 | D:6      | Found a glowing silver altar of Zin.
  5930 | D:6      | Noticed a fire elemental
  5989 | D:6      | Found a stormy altar of Qazlal.
  5991 | D:6      | Noticed a water elemental
  5992 | D:6      | Noticed an air elemental
  6154 | D:6      | Reached skill level 6 in Fighting
  6656 | D:7      | Reached skill level 9 in Bows
  6656 | D:7      | Reached XP level 9. HP: 69/69 MP: 9/9
  7104 | D:7      | Reached ** piety under Okawaru
  7116 | D:7      | Reached skill level 10 in Bows
  7134 | D:7      | Reached skill level 7 in Fighting
  7902 | D:8      | Reached *** piety under Okawaru
  7919 | D:8      | Noticed a death knight
  7942 | D:8      | HP: 19/73 [death knight/broad axe (23)]
  7950 | D:8      | Killed a death knight
  7950 | D:8      | Reached skill level 8 in Fighting
  7950 | D:8      | Reached skill level 11 in Bows
  7950 | D:8      | Reached XP level 10. HP: 21/80 MP: 4/10
  7950 | D:8      | HP: 19/80 [mirror damage (2)]
  8385 | D:8      | Got a crystal greatsling
  8392 | D:8      | Noticed a centaur warrior
  8408 | D:8      | HP: 15/82 [centaur warrior/poisoned arrow (12)]
  8410 | D:8      | HP: 6/82 [poisoned by a centaur warrior]
  8417 | D:8      | HP: 10/82 [centaur warrior/poisoned arrow (16)]
  8418 | D:8      | Killed a centaur warrior
  8418 | D:8      | Reached **** piety under Okawaru
  8418 | D:8      | Reached skill level 12 in Bows
  8422 | D:8      | HP: 23/82 [poisoned by a centaur warrior]
  8430 | D:8      | HP: 24/82 [poisoned by a centaur warrior]
  8435 | D:8      | HP: 23/82 [poisoned by a centaur warrior]
  8442 | D:8      | HP: 23/82 [poisoned by a centaur warrior]
  8450 | D:8      | HP: 23/82 [poisoned by a centaur warrior]
  8711 | D:8      | Identified the +2 greatsling of the Four Beds {freeze, Str+3 Dex+3} (You took it off an orc warrior on level 8 of the Dungeon)
  9123 | D:8      | Found a staircase to the Lair.
  9352 | D:4      | Bought an uncursed ring of poison resistance for 220 gold pieces
  9496 | Lair:1   | Entered Level 1 of the Lair of Beasts
  9499 | Lair:1   | Reached skill level 9 in Fighting
  9683 | D:8      | Reached XP level 11. HP: 63/89 MP: 7/11
  9685 | D:8      | Received a gift from Okawaru
  9828 | D:8      | Reached skill level 13 in Bows
 10175 | D:8      | Reached ***** piety under Okawaru
 10654 | Lair:1   | Noticed Fannar
 10686 | Lair:1   | Killed Fannar
 10686 | Lair:1   | Received a gift from Okawaru
 10686 | Lair:1   | Reached skill level 10 in Fighting
 10686 | Lair:1   | Reached skill level 2 in Invocations
 10833 | Lair:1   | Received a gift from Okawaru
 11170 | Lair:1   | Reached skill level 3 in Invocations
 11551 | Lair:2   | Noticed an oklob plant
 11673 | Lair:2   | Reached skill level 2 in Armour
 11913 | Lair:2   | Noticed a seven-headed hydra
 11947 | Lair:2   | Killed a seven-headed hydra
 11947 | Lair:2   | Received a gift from Okawaru
 11947 | Lair:2   | Received a gift from Okawaru
 11950 | Lair:2   | Reached skill level 4 in Invocations
 11955 | Lair:2   | Noticed Sonja
 11977 | Lair:2   | Killed Sonja
 11977 | Lair:2   | Reached skill level 3 in Armour
 12265 | Lair:2   | Reached skill level 14 in Bows
 12268 | Lair:2   | Reached XP level 12. HP: 63/97 MP: 9/15
 12758 | Lair:3   | Reached skill level 5 in Invocations
 12770 | Lair:3   | Received a gift from Okawaru
 12887 | Lair:3   | Reached skill level 4 in Armour
 12941 | Lair:3   | Noticed a four-headed hydra
 12963 | Lair:3   | Killed a four-headed hydra
 12987 | Lair:3   | Reached skill level 6 in Invocations
 13100 | Lair:3   | Reached skill level 5 in Armour
 13305 | Lair:3   | Received a gift from Okawaru
 13367 | Lair:3   | HP: 29/97 [yak (7)]
 13372 | Lair:3   | HP: 29/97 [poisoned by a black mamba]
 13378 | Lair:3   | HP: 28/97 [poisoned by a black mamba]
 13387 | Lair:3   | Reached skill level 7 in Invocations
 13387 | Lair:3   | HP: 28/97 [poisoned by a black mamba]
 13393 | Lair:3   | HP: 28/97 [poisoned by a black mamba]
 13943 | Lair:3   | Reached skill level 6 in Armour
 13965 | Lair:3   | Received a gift from Okawaru
 14443 | Lair:4   | Reached XP level 13. HP: 103/103 MP: 18/18
 14458 | Lair:4   | Reached skill level 15 in Bows
 14460 | Lair:4   | Reached skill level 8 in Invocations
 14512 | Lair:4   | Received a gift from Okawaru
 14513 | Lair:4   | Got a translucent buckler {god gift}
 14778 | Lair:4   | Reached skill level 7 in Armour
 14832 | Lair:4   | Found a staircase to the Snake Pit.
 14850 | Lair:4   | Noticed a five-headed hydra
 14856 | Lair:4   | Killed a five-headed hydra
 15304 | Lair:4   | Reached skill level 9 in Invocations
 15819 | Lair:5   | Found a staircase to the Swamp.
 15823 | Lair:5   | Reached skill level 1 in Dodging
 15929 | Lair:4   | Reached skill level 2 in Dodging
 16040 | Lair:4   | Reached skill level 8 in Armour
 16052 | Lair:4   | HP: 19/103 [death yak (19)]
 16408 | Lair:4   | Upgraded the game from 0.18-a0-1292-ge8ad84c to 0.18-a0-1293-g5a2c81a
 16428 | Lair:4   | Received a gift from Okawaru
 16538 | Lair:5   | Reached skill level 3 in Dodging
 17213 | Lair:5   | Received a gift from Okawaru
 17268 | Lair:5   | Noticed a four-headed hydra
 17280 | Lair:5   | Killed a four-headed hydra
 17804 | Lair:6   | Reached skill level 4 in Dodging
 18082 | Lair:6   | Noticed PeterLawrence's ghost (journeyman MiFi)
 18111 | Lair:6   | Killed PeterLawrence's ghost
 18111 | Lair:6   | Reached skill level 9 in Armour
 18111 | Lair:6   | Reached XP level 14. HP: 106/110 MP: 18/20
 18173 | Lair:6   | Received a gift from Okawaru
 18173 | Lair:6   | Reached skill level 16 in Bows
 18407 | Lair:5   | Reached skill level 5 in Dodging
 19516 | Lair:7   | Found a staircase to the Slime Pits.
 19560 | Lair:7   | Reached ****** piety under Okawaru
 19772 | Lair:7   | Received a gift from Okawaru
 19873 | Lair:7   | Reached skill level 6 in Dodging
 20225 | Lair:7   | Reached skill level 10 in Armour
 20255 | Lair:7   | HP: 33/110 [worker ant (4)]
 20261 | Lair:7   | HP: 32/110 [poisoned by a soldier ant]
 20269 | Lair:7   | HP: 33/110 [poisoned by a soldier ant]
 21050 | Lair:7   | Reached skill level 7 in Dodging
 21503 | Lair:8   | Entered Level 8 of the Lair of Beasts
 22155 | Lair:8   | Received a gift from Okawaru
 22428 | Lair:8   | Reached XP level 15. HP: 103/115 MP: 18/21
 22573 | Lair:8   | Received a gift from Okawaru
 22655 | Lair:8   | Reached skill level 8 in Dodging
 22923 | Lair:8   | Reached skill level 11 in Armour
 23249 | Lair:8   | Received a gift from Okawaru
 23768 | Lair:8   | Reached skill level 17 in Bows
 24258 | Lair:1   | Identified a scroll of acquirement
 24369 | D:4      | Bought an encrusted quarterstaff for 261 gold pieces
 24370 | D:4      | Identified the +1 quarterstaff of the Nexus {flame, rN+ MR+ Str+2 Stlth+} (You bought it in a shop on level 4 of the Dungeon)
 24873 | D:9      | Reached skill level 9 in Dodging
 25094 | D:9      | Found an opulent altar of Gozag.
 25096 | D:9      | Found a sacrificial altar of Ru.
 25097 | D:9      | Found a radiant altar of Vehumet.
 25101 | D:9      | Found a bloodstained altar of Trog.
 25243 | D:10     | Entered Level 10 of the Dungeon
 25511 | D:10     | Noticed Duffy's ghost (novice DESu)
 25530 | D:10     | Killed Duffy's ghost
 25568 | D:10     | Found Derhana's Magic Scroll Shop.
 26196 | D:11     | Noticed Maud
 26206 | D:11     | Killed Maud
 26437 | D:11     | Reached skill level 12 in Armour
 26655 | D:10     | You fall through a shaft!
 27212 | D:12     | Reached skill level 10 in Dodging
 27279 | D:12     | HP: 31/115 [hill giant/giant spiked club (11)]
 27283 | D:12     | HP: 15/115 [hill giant/giant spiked club (17)]
 27291 | D:12     | HP: 14/115 [hill giant/giant spiked club (3)]
 27823 | D:12     | Found a shattered altar of Ashenzari.
 27827 | D:12     | Saw a vision of the Swamp and the Snake Pit.
 27926 | D:12     | Found Hihisaokli's Assorted Antiques.
 27987 | D:12     | Bought an iridescent quarterstaff for 315 gold pieces
 27987 | D:12     | Identified the cursed +1 quarterstaff "Demonslayer" {crush, *Confuse MP+9 Dex+7} (You bought it in a shop on level 12 of the Dungeon)
 27997 | D:12     | Found a staircase to the Orcish Mines.
 28254 | Orc:1    | Entered Level 1 of the Orcish Mines
 28422 | Orc:2    | Entered Level 2 of the Orcish Mines
 28442 | Orc:2    | Found a staircase to the Elven Halls.
 29307 | Orc:2    | Found Doxzeyl's Armour Shoppe.
 29766 | Orc:1    | Received a gift from Okawaru
 30044 | Orc:2    | Reached XP level 16. HP: 122/122 MP: 22/22
 30244 | Orc:2    | Reached skill level 11 in Dodging
 30640 | Orc:2    | Found Sobre's Armour Boutique.
 30640 | Orc:2    | Found Nejin's General Store.
 30641 | Orc:2    | Found Peceyrch's Antique Armour Shoppe.
 30641 | Orc:2    | Found Kyanaso's Book Boutique.
 30845 | Orc:2    | Found a roughly hewn altar of Beogh.
 31161 | Orc:2    | Reached skill level 13 in Armour
 31281 | D:12     | Bought an ancient plate armour for 980 gold pieces
 31291 | D:12     | Identified the +1 plate armour "Waschiota" {Str+4 Int+2} (You bought it in a shop on level 12 of the Dungeon)
 31615 | D:13     | HP: 32/122 [yak (8)]
 31620 | D:13     | HP: 18/122 [vampire mosquito (3)]
 31796 | D:13     | Received a gift from Okawaru
 31873 | D:13     | Got a faintly glowing scimitar
 31902 | D:13     | Identified the cursed +1 scimitar "Gakuarekoi" {slice, *Drain rPois Str+5 Dex+2} (You found it on level 13 of the Dungeon)
 31996 | D:13     | Received a gift from Okawaru
 32020 | D:13     | Got a wizard robe {god gift}
 32054 | D:12     | Identified the +1 robe "Pise" {Dex+4} (Okawaru gifted it to you on level 13 of the Dungeon)
 32737 | D:13     | HP: 36/122 [gargoyle/stone arrow (9)]
 32743 | D:13     | HP: 24/122 [gargoyle/stone arrow (11)]
 33020 | D:13     | Reached skill level 12 in Dodging
 34511 | D:14     | HP: 30/122 [rakshasa (illusionary)/trident (12)]
 34713 | D:14     | HP: 35/122 [yak (6)]
 34713 | D:14     | Noticed Agnes
 34716 | D:14     | HP: 10/122 [Agnes/lajatang of electrocution (11)]
 34717 | D:14     | Mangled by Agnes

Vault maps used:
D:1:      dpeg_arrival_tiny_a, serial_forest, infiniplex_forest_fountain,
          infiniplex_forest_clump_curved, infiniplex_forest_end_2,
          infiniplex_forest_diagonal, infiniplex_forest_end_2,
          infiniplex_forest_corner_1, infiniplex_forest_straight_1
D:2:      nicolae_gozag_cash_rules_everything_around_me
D:3:      uniq_sigmund
D:4:      minitemple, temple_statues, serial_shops, shop_fountains,
          nicolae_shop_waterfront, shop, nicolae_shop_behind_doors,
          nicolae_shop_behind_doors, gup_sewer_entry_pipe, grunt_ministairs_4,
          serial_bayou_lagoon_a, hangedman_decor_peaks_small,
          makhleb_blood_cavern_becter, uniq_eustachio
D:5:      first_bread, grunt_pakellas_sulfur
D:6:      nicolae_overflow_crystal_walls, nicolae_qazlal_style_of_elements
D:7:      grunt_livestock
D:8:      lair_0_dummy, st_stairs_12, minmay_pinched_square
D:9:      grunt_temple_overflow_open, minmay_misc_feat_ornament
D:10:     serial_shops, shop, statue_in_the_mist_lemuel
D:11:     uniq_maud
D:12:     david_orc_2, serial_shops, shop, grunt_ashenzari_visionary
D:13:     serial_glass, glass_columns_b, glass_columns_a, item_on_display_a
D:14:     grunt_vaults_entry_tiered, minmay_misc_feat_room,
          kennysheep_cross_room, roderic_batcave, uniq_agnes
Temple:   circular_temple_13
Lair:1:   uniq_fannar
Lair:2:   minmay_lair_oklob_items, uniq_sonja
Lair:3:   beast_lair_carwin_large_3, hangedman_lair_generics_rect
Lair:4:   minmay_snake_entry_guardpost_medium
Lair:5:   swamp_mist, grunt_forest_large_clearings, grunt_megastairs_5
Lair:6:   beast_lair_carwin_8
Lair:7:   nicolae_slime_entry_slimehenge, minivault_29
Lair:8:   hangedman_lair_caniforms_friends, wormcave
Orc:2:    st_orc_ogre_mass, basic_altar, serial_shops,
          nicolae_shop_window_shopping
Sewer:    sewer_sea

Action                   |  1- 3 |  4- 6 |  7- 9 | 10-12 | 13-15 | 16-18 || total
-------------------------+-------+-------+-------+-------+-------+-------++-------
Melee: Dagger            |       |    66 |    42 |     1 |       |       ||   109
       Trident           |       |       |    87 |     1 |       |       ||    88
       Falchion          |       |       |       |    27 |   695 |       ||   722
       Quarterstaff      |       |       |       |       |   384 |   538 ||   922
 Fire: Shortbow          |    66 |   174 |   368 |    16 |       |       ||   624
       Longbow           |       |       |       |   529 |  1370 |   329 ||  2228
Throw: Stone             |       |       |     2 |       |       |       ||     2
       Javelin           |       |       |     1 |       |     1 |       ||     2
       Throwing net      |       |       |       |       |       |     1 ||     1
Invok: Heroism           |       |       |     1 |     6 |    10 |     6 ||    23
       Finesse           |       |       |       |     1 |       |       ||     1
Evoke: Wand              |       |       |       |     3 |       |     1 ||     4
  Use: Scroll            |     2 |     4 |    10 |     6 |     8 |     4 ||    34
       Potion            |       |       |     1 |     7 |       |     1 ||     9
  Eat: Chunk             |     1 |     7 |    14 |    20 |    36 |    15 ||    93
       Bread ration      |       |       |       |       |     3 |       ||     3
       Pizza             |       |       |       |       |     1 |     1 ||     2

Table legend:
 A = Turns spent in this place as a percentage of turns spent in the entire game.
 B = Non-inter-level travel turns spent in this place as a percentage of non-inter-level travel turns spent in the entire game.
 C = Inter-level travel turns spent in this place as a percentage of turns spent in this place.
 D = Turns resting spent in this place as a percentage of non-inter-level travel turns spent in this place.
 E = Turns spent auto-exploring this place as a percentage of non-inter-level travel turns spent in this place.
 F = Non-inter-level travel turns spent in this place divided by the number of levels of this place that you've seen.
                   A       B       C       D       E      F
               +-------+-------+-------+-------+-------+----------------------
         Total | 100.0 | 100.0 |   0.4 |   1.3 |   3.2 | 577.6
       Dungeon |  40.9 |  40.8 |   0.5 |   1.6 |   4.5 | 438.0
        Temple |   0.3 |   0.3 |   0.0 |   0.0 |   4.1 |  49.0
          Lair |  44.0 |  44.1 |   0.3 |   1.1 |   2.7 | 827.2
  Orcish Mines |  11.8 |  11.8 |   0.3 |   0.8 |   0.6 | 887.5
         Sewer |   2.9 |   3.0 |   0.0 |   1.4 |   0.9 | 444.0
               +-------+-------+-------+-------+-------+----------------------

Vault maps used:
D:1:      dpeg_arrival_tiny_a, serial_forest, infiniplex_forest_fountain,
          infiniplex_forest_clump_curved, infiniplex_forest_end_2,
          infiniplex_forest_diagonal, infiniplex_forest_end_2,
          infiniplex_forest_corner_1, infiniplex_forest_straight_1
D:2:      nicolae_gozag_cash_rules_everything_around_me
D:3:      uniq_sigmund
D:4:      minitemple, temple_statues, serial_shops, shop_fountains,
          nicolae_shop_waterfront, shop, nicolae_shop_behind_doors,
          nicolae_shop_behind_doors, gup_sewer_entry_pipe, grunt_ministairs_4,
          serial_bayou_lagoon_a, hangedman_decor_peaks_small,
          makhleb_blood_cavern_becter, uniq_eustachio
D:5:      first_bread, grunt_pakellas_sulfur
D:6:      nicolae_overflow_crystal_walls, nicolae_qazlal_style_of_elements
D:7:      grunt_livestock
D:8:      lair_0_dummy, st_stairs_12, minmay_pinched_square
D:9:      grunt_temple_overflow_open, minmay_misc_feat_ornament
D:10:     serial_shops, shop, statue_in_the_mist_lemuel
D:11:     uniq_maud
D:12:     david_orc_2, serial_shops, shop, grunt_ashenzari_visionary
D:13:     serial_glass, glass_columns_b, glass_columns_a, item_on_display_a
D:14:     grunt_vaults_entry_tiered, minmay_misc_feat_room,
          kennysheep_cross_room, roderic_batcave, uniq_agnes
Temple:   circular_temple_13
Lair:1:   uniq_fannar
Lair:2:   minmay_lair_oklob_items, uniq_sonja
Lair:3:   beast_lair_carwin_large_3, hangedman_lair_generics_rect
Lair:4:   minmay_snake_entry_guardpost_medium
Lair:5:   swamp_mist, grunt_forest_large_clearings, grunt_megastairs_5
Lair:6:   beast_lair_carwin_8
Lair:7:   nicolae_slime_entry_slimehenge, minivault_29
Lair:8:   hangedman_lair_caniforms_friends, wormcave
Orc:2:    st_orc_ogre_mass, basic_altar, serial_shops,
          nicolae_shop_window_shopping
Sewer:    sewer_sea
